 Dungeon Crawl Stone Soup version 0.31-a0-271-gb88eb75e06 (webtiles) character file.

Game seed: 9633978605998133616

269 ders the Digger (level 6, -3/32 HPs)
             Began as a Gargoyle Earth Elementalist on July 14, 2023.
             Killed from afar by an orc wizard (5 damage)
             ... with a magic dart
             ... on level 4 of the Dungeon.
             The game lasted 00:04:37 (3403 turns).

ders the Digger (Gargoyle Earth Elementalist)       Turns: 3403, Time: 00:04:38

Health: -3/32      AC:  6    Str: 14    XL:     6   Next: 22%
Magic:  1/12       EV: 11    Int: 21    God:
Gold:   157        SH:  0    Dex: 10    Spells: 9/13 levels left

rFire   x . .        j - +3 sling of the Dark Horse {elec, Str+5 Int+3}
rCold   + . .        (no shield)
rNeg    + . .        a - +0 robe
rPois   ∞            (no helmet)
rElec   +            (no cloak)
rCorr   .            (no gloves)
SInv    .            (no boots)
Will    .....        (no amulet)
Stlth   ++           e - ring of ice
HPRegen 0.25/turn    (no ring)
MPRegen 0.13/turn

%: clarity
@: hasted, very quick
A: sickness immunity, AC +4, negative energy resistance 1, electricity
resistance, torment resistance 1, petrification resistance, hooves 1, clarity,
weak 1
a: no special abilities


You were on level 4 of the Dungeon.
You visited 1 branch of the dungeon, and saw 4 of its levels.

You collected 157 gold pieces.

Inventory:

Hand Weapons
 j - the +3 sling of the Dark Horse (weapon) {elec, Str+5 Int+3}
   (You took it off a goblin on level 3 of the Dungeon)

   Str:       It affects your strength (+5).
   Int:       It affects your intelligence (+3).
Missiles
 g - 2 silver boomerangs
Armour
 a - a +0 robe (worn)
 o - a +0 robe of positive energy
Jewellery
 d - an amulet of guardian spirit
 e - a ring of ice (left hand)
 l - a ring of see invisible
Scrolls
 b - 2 scrolls of identify {unknown}
 f - 2 scrolls of teleportation
 i - 2 scrolls of fog {unknown}
 k - a scroll of revelation {unknown}
 m - 2 scrolls of enchant armour {unknown}
 p - a scroll of butterflies {unknown}
 r - a scroll of poison {unknown}
Potions
 c - 2 potions of haste
 h - a potion of degeneration {unknown}
 n - a potion of mutation
 q - a potion of attraction {unknown}
 s - a potion of might {unknown}


   Skills:
 - Level 1.5 Dodging
 - Level 2.1 Stealth
 * Level 4.3 Spellcasting
 + Level 3.0 Conjurations
 - Level 0.7 Transmutations
 + Level 5.1 Earth Magic


You had 9 spell levels left.
You knew the following spells:

 Your Spells              Type           Power      Damage    Failure   Level
a - Sandblast             Erth           52%        2d12      1%          1
b - Stone Arrow           Conj/Erth      42%        3d9       7%          3

Your spell library contained the following spells:

 Spells                   Type           Power      Damage    Failure   Level
 Passwall                 Tmut/Erth      13%        N/A       5%          2
 Inner Flame              Hex/Fire       4%         N/A       34%         3
 Portal Projectile        Hex/Tloc       8%         N/A       34%         3
 Summon Guardian Golem    Hex/Summ       4%         N/A       34%         3
 Tukima's Dance           Hex            4%         N/A       34%         3
 Petrify                  Tmut/Erth      16%        N/A       34%         4
 Iskenderun's Mystic Bla  Conj/Tloc      10%        2d4       52%         4
 Yara's Violent Unravell  Hex/Tmut       3%         3d4       95%         5
 Enfeeble                 Hex            2%         N/A       100%        7
 Orb of Destruction       Conj           8%         9d6       100%        7
 Spellforged Servitor     Conj/Summ      5%         N/A       100%        7


Dungeon Overview and Level Annotations

Branches:
Dungeon (4/15)
 Temple: D:4-7

Altars:

Shops:
D:1 !


Innate Abilities, Weirdness & Mutations

You are immune to sickness and miasma.
Your stone body is resilient. (AC +4)
You are immune to poison.
You resist negative energy. (rN+)
You are resistant to electric shocks. (rElec)
You are resistant to unholy torment.
You are immune to petrification.
You have large cloven feet.
You possess an exceptional clarity of mind.
You are weak. (Str -2)


Message History

You hear some strange, mumbled words.
A puff of flame appears from out of thin air!
The puff of flame hits you! The fire burns you terribly!
Casting: Stone Arrow (quite dangerous; 7% risk of failure)
Confirm with . or Enter, or press ? or * to list all spells.
You can't see any susceptible monsters within range! (Use Z to cast anyway.)
Casting: Stone Arrow (quite dangerous; 7% risk of failure)
Confirm with . or Enter, or press ? or * to list all spells.
Aiming: Sandblast (safe; 1% risk of failure)
Press: ? - help, Shift-Dir - straight line The blast of sand hits something but does no damage.
You hear some strange, mumbled words.
A magic dart appears from out of thin air!
The magic dart hits you! Something hits you but does no damage.
Casting: Sandblast (safe; 1% risk of failure)
Confirm with . or Enter, or press ? or * to list all spells.
Aiming: Sandblast (safe; 1% risk of failure)
Press: ? - help, Shift-Dir - straight line The blast of sand hits something but does no damage.
Something hits you.
* * * LOW HITPOINT WARNING * * *
Casting: Sandblast (safe; 1% risk of failure)
Confirm with . or Enter, or press ? or * to list all spells.
Aiming: Sandblast (safe; 1% risk of failure)
Press: ? - help, Shift-Dir - straight line The blast of sand hits something.
Something hits you.
* * * LOW HITPOINT WARNING * * *
Something hits you.
* * * LOW HITPOINT WARNING * * *
It was a potion of haste.
You feel yourself speed up. Something hits you.
* * * LOW HITPOINT WARNING * * *
It was a potion of mutation.
You feel extremely strange.
Your feet thicken and deform.
You feel weaker.
Your thoughts seem clearer.
You hear some strange, mumbled words.
A magic dart appears from out of thin air!
The magic dart hits you.
* * * LOW HITPOINT WARNING * * *
A magic dart appears from out of thin air!
The magic dart hits you.
You die...

#####.......##############
#.......'...#
#.......#...#
#.......#...#
#.......#...#
#.......#...#
#.......##### ###
####'##### #.. #..@...#
#.. #(.....# #.. #......#
#>. #..{...# #.. ##....##
####.. ###....## ......
#.......# ...... #...)...#
...... #.......# ......


There were no monsters in sight!

Vanquished Creatures
  2 orc priests
  A sleepcap (D:4)
  Jessica (D:3)
  5 adders
  3 dart slugs
  12 orcs
  8 ball pythons
  11 endoplasms
  4 giant cockroaches
  7 goblins
  8 hobgoblins
  5 quokkas
  5 bats
  6 frilled lizards
  7 kobolds
  6 rats
91 creatures vanquished.

Notes
Turn   | Place    | Note
-------+----------+-------------------------------------------
     0 | D:1      | ders the Gargoyle Earth Elementalist began the quest for
                  | the Orb.
     0 | D:1      | Reached XP level 1. HP: 10/10 MP: 3/3
   233 | D:1      | Reached XP level 2. HP: 14/15 MP: 0/5
   398 | D:1      | Reached skill level 1 in Conjurations
   469 | D:1      | Found Heym's Distillery.
   544 | D:1      | Reached skill level 4 in Earth Magic
   545 | D:1      | Reached XP level 3. HP: 19/19 MP: 4/7
   893 | D:2      | Found a faded altar of an unknown god.
  1195 | D:2      | Reached XP level 4. HP: 24/24 MP: 6/8
  1636 | D:3      | Identified the +3 sling of the Dark Horse {elec, Str+5
                  | Int+3}
  1815 | D:3      | Learned a level 3 spell: Stone Arrow
  2296 | D:3      | Noticed Jessica
  2300 | D:3      | Killed Jessica
  2301 | D:3      | Reached XP level 5. HP: 28/28 MP: 8/10
  2394 | D:3      | Identified the +4 ring mail of Mutualism {rN+ Regen+ Int-3
                  | Slay+5}
  2949 | D:4      | Reached XP level 6. HP: 32/32 MP: 12/12
  3089 | D:4      | Reached skill level 5 in Earth Magic
  3397 | D:4      | Gained mutation: You have large cloven feet. [potion of
                  | mutation]
  3397 | D:4      | Gained mutation: You are weak. (Str -2) [potion of
                  | mutation]
  3397 | D:4      | Gained mutation: You possess an exceptional clarity of
                  | mind. [potion of mutation]
  3397 | D:4      | HP: 1/32 [something/magic dart (3)]
  3403 | D:4      | Killed from afar by an orc wizard

Illustrated notes

Levels and vault maps discovered:
D:1:      wheals_arrival_shading, layout_basic, serial_shops, shop
D:2:      kennysheep_big_flooded_room, layout_basic,
          hellmonk_ecumenical_altar_blasted, kennysheep_generic_room_15
D:3:      minmay_chambers_of_twos, layout_loops_ring, uniq_jessica
D:4:      layout_gridville

Skill      XL: |  1  2  3  4  5  6 |
---------------+-------------------+-----
Conjurations   | 1 2 3 |  3.0
Earth Magic    | 4 5 |  5.1
Spellcasting   | 3 4 |  4.3
Dodging        | |  1.5
Stealth        | |  2.1
Transmutations | |  0.7

Action                     |  1- 3 |  4- 6 || total
---------------------------+-------+-------++-------
  Melee: Unarmed           |    19 |       ||    19
   Fire: Sling             |       |    86 ||    86
   Cast: Sandblast         |    45 |    33 ||    78
         Stone Arrow       |       |     8 ||     8
    Use: Potion            |     1 |     2 ||     3
         Scroll            |       |     1 ||     1
 Armour: Robe              |    12 |    16 ||    28
  Dodge: Dodged            |    27 |    20 ||    47

Table legend: (Time is in decaauts)
 A = Elapsed time spent in this place.
 B = Non-inter-level travel time spent in this place.
 C = Inter-level travel time spent in this place.
 D = Time resting spent in this place.
 E = Time spent auto-exploring this place.
 F = Levels seen in this place.
 G = Mean time per level.
                   A        B        C        D        E       F      G
               +--------+--------+--------+--------+--------+-----+--------+
         Total |   3473 |   3342 |    131 |    232 |   2637 |   4 |  868.2 |
       Dungeon |   3473 |   3342 |    131 |    232 |   2637 |   4 |  868.2 |
               +--------+--------+--------+--------+--------+-----+--------+

Top non-repeatable levels by time:
     D:3: 1268 daAuts
     D:1: 829 daAuts
     D:2: 768 daAuts
     D:4: 606 daAuts
